 Dungeon Crawl Stone Soup version 0.25.1-2-g60ff931df9 (webtiles) character file.

Game seed: 10571310566489905115

30 Martska the Ruffian (level 3, -1/31 HPs)
             Began as a Naga Transmuter on Oct 14, 2020.
             Slain by a hobgoblin
             ... wielding a +0 club
              (5 damage)
             ... on level 1 of the Dungeon.
             The game lasted 00:01:34 (929 turns).

Martska the Ruffian (Naga Transmuter)                Turns: 929, Time: 00:01:35

Health: -1/31      AC:  2    Str: 13    XL:     3   Next: 20%
Magic:  6/6        EV: 10    Int: 13    God:
Gold:   38         SH:  0    Dex: 11    Spells: 5/6 levels left

rFire    . . .     SeeInvis +   i - +0 short sword
rCold    . . .     Gourm    .   (no shield)
rNeg     . . .     Faith    .   b - +0 robe
rPois    +         Spirit   .   (no helmet)
rElec    .         Reflect  .   (no cloak)
rCorr    +         Harm     .   (no gloves)
MR       .....                  (no barding)
Stlth    +.........             (no amulet)
HPRegen  0.10/turn              c - ring of resist corrosion
MPRegen  0.10/turn              (no ring)

@: very slow
A: large, see invisible, deformed body, poison resistance, slowness 2, slow
metabolism 1, spit poison 1, AC +1
a: Spit Poison


You were on level 1 of the Dungeon.
You were not hungry.

You visited 1 branch of the dungeon, and saw 1 of its levels.

You collected 38 gold pieces.

Inventory:

Hand Weapons
 f - a +0 dagger
 i - a +0 short sword (weapon)
Missiles
 a - 27 arrows
Armour
 b - a +0 robe (worn)
Jewellery
 c - a ring of resist corrosion (left hand)
Scrolls
 e - 2 scrolls of amnesia {unknown}
 l - a scroll of immolation {unknown}
 m - a scroll of blinking {unknown}
 n - a scroll of random uselessness {unknown}
 o - a scroll of magic mapping {unknown}
Potions
 g - a potion of haste {unknown}
 h - a potion of cancellation {unknown}
 j - 2 potions of curing {unknown}
Comestibles
 d - a ration
 k - a chunk of flesh


   Skills:
 + Level 1.0 Fighting
 + Level 1.2 Short Blades
 + Level 1.9 Dodging
 + Level 3.6 Unarmed Combat
 + Level 2.0 Spellcasting
 + Level 2.0 Transmutations


You had 5 spell levels left.
You knew the following spells:

 Your Spells              Type           Power        Failure   Level  Hunger
a - Beastly Appendage     Tmut           #.....       11%         1    ##.....

Your spell library contained the following spells:

 Spells                   Type           Power        Failure   Level  Hunger
 Sticks to Snakes         Tmut           #.......     17%         2    ###....
 Spider Form              Tmut/Pois      #.........   45%         3    ####...
 Ice Form                 Ice/Tmut       #.......     86%         4    #####..
 Blade Hands              Tmut           #.........   97%         5    ######.


Dungeon Overview and Level Annotations

Branches:
Dungeon (1/15)

Altars:


Innate Abilities, Weirdness & Mutations

You cannot wear boots.
Your serpentine skin is tough. (AC +1)
You have supernaturally acute eyesight. (SInv)
Armour fits poorly on your strangely shaped body.
Your system is resistant to poisons. (rPois)
You cover ground very slowly.
You have a slow metabolism.
You can spit poison.


Message History

The gnoll is almost dead.
The gnoll barely misses you.
The hobgoblin hits you but does no damage.
You barely miss the gnoll.
The gnoll is almost dead.
The gnoll misses you. The hobgoblin hits you with a +0 club!
* * * LOW HITPOINT WARNING * * *
You hit the gnoll.
You kill the gnoll!
Your Short Blades skill increases to level 1!
You have reached level 3!
Your experience leads to an increase in your attributes!
Increase (S)trength, (I)ntelligence, or (D)exterity?
You feel stronger.
Your skin feels tougher.
The hobgoblin barely misses you.
You hit the hobgoblin.
The hobgoblin is almost dead.
You have got your breath back.
The hobgoblin hits you with a +0 club.
You die...

##### #...############
#...........##.#
#).##...###.##.#
#..##..##.#.##.# #
#..#..##.##..#.# ...
#..#....##...#.##.....
#..##...#...@)........
#..###.......g........
#...###..##.#####.....
#....######.# ....
#.#..)......# ....
#.###.#.##### #.## #.#
#...##### #.#
#.###.#.....#######.#########
#.......[.....).............#


You could see a hobgoblin.

Vanquished Creatures
  A gnoll (D:1)
  A dart slug (D:1)
  A leopard gecko (D:1)
  5 goblins (D:1)
  A hobgoblin (D:1)
  4 kobolds (D:1)
  4 bats (D:1)
  A frilled lizard (D:1)
  A rat (D:1)
19 creatures vanquished.

Notes
Turn   | Place    | Note
-------+----------+-------------------------------------------
     0 | D:1      | Martska the Naga Transmuter began the quest for the Orb.
     0 | D:1      | Reached XP level 1. HP: 18/18 MP: 3/3
   153 | D:1      | Reached XP level 2. HP: 11/25 MP: 5/5
   928 | D:1      | Reached skill level 1 in Short Blades
   928 | D:1      | Reached XP level 3. HP: 4/31 MP: 6/6
   929 | D:1      | Slain by a hobgoblin

Illustrated notes

Levels and vault maps discovered:
D:1:      scummos_arrival_forest, layout_basic, minmay_cupped

Skill      XL: |  1  2 |
---------------+-------+-----
Short Blades   | 1 |  1.2
Fighting       | |  1.0
Dodging        | |  1.9
Unarmed Combat | |  3.6
Spellcasting   | |  2.0
Transmutations | |  2.0

Action                   || total
-------------------------++-------
Melee: Dagger            ||     9
       Unarmed           ||     3
       Short sword       ||    30
       Punch             ||     2
 Abil: Spit Poison       ||    11
Armor: Robe              ||     7
Dodge: Dodged            ||    39
